 Dungeon Crawl Stone Soup version 0.28-a0-514-g0d7ab7f379 (webtiles) character file.

Game seed: 5146289970492572904

12569 timneilson the Thaumaturge (level 11, -5/54 HPs)
             Began as a Spriggan Conjurer on Sept 18, 2021.
             Was a Priest of Vehumet.
             Slain by a wolf (9 damage)
             ... on level 2 of the Lair of Beasts on Sept 26, 2021.
             The game lasted 01:22:44 (19787 turns).

timneilson the Thaumaturge (Spriggan Conjurer)     Turns: 19787, Time: 01:22:45

Health: -5/54      AC:  8    Str:  3    XL:     11   Next: 64%
Magic:  25/25      EV: 17    Int: 30    God:    Vehumet [***...]
Gold:   294        SH:  5    Dex: 13    Spells: 10/29 levels left

rFire   . . .      SeeInvis +   j - staff of conjuration
rCold   . . .      Faith    .   (shield currently unavailable)
rNeg    . . .      Spirit   .   G - +0 acid dragon scales
rPois   .          Reflect  +   (helmet restricted)
rElec   .          Harm     .   k - +1 cloak
rCorr   +          Rampage  .   (gloves unavailable)
Will    +....                   (boots unavailable)
Stlth   +++.......              H - amulet of reflection
HPRegen 0.18/turn               D - +6 ring of intelligence
MPRegen 0.19/turn               E - ring of wizardry

@: studying 2 skills, very quick
A: very small, no large weapons, unfitting armour, see invisible, speed 3
a: Renounce Religion


You were on level 2 of the Lair of Beasts.
You worshipped Vehumet.
Vehumet was most pleased with you.
You visited 3 branches of the dungeon, and saw 16 of its levels.
You also visited: Sewer, Ossuary and Bailey.

You collected 744 gold pieces.
You spent 450 gold pieces at shops.

Inventory:

Hand Weapons
 d - a +1 dagger of electrocution
Armour
 a - a +0 robe
 k - a +1 cloak (worn)
 G - +0 acid dragon scales (worn)
Magical Staves
 j - a staff of conjuration (weapon)
Jewellery
 z - an amulet of the acrobat
 D - a +6 ring of intelligence (left hand)
 E - a ring of wizardry (right hand)
 F - a ring of protection from cold
 H - an amulet of reflection (around neck)
 J - a +4 ring of protection
Wands
 m - a wand of digging (10)
 r - a wand of flame (40)
 s - a wand of paralysis (17)
 v - a wand of charming (4)
 I - a wand of mindburst (14)
 K - a wand of iceblast (10)
Scrolls
 h - 6 scrolls of teleportation
 n - 4 scrolls of fog
 p - 5 scrolls of magic mapping
 y - 4 scrolls of enchant armour
 A - 3 scrolls of enchant weapon
 B - 2 scrolls of blinking
 C - 2 scrolls of fear
Potions
 b - 2 potions of heal wounds
 c - a potion of brilliance
 e - 3 potions of magic
 f - 6 potions of cancellation
 g - 5 potions of haste
 i - 5 potions of lignification
 l - 8 potions of curing
 o - 3 potions of resistance
 q - a potion of mutation
 t - a potion of berserk rage
 u - 2 potions of invisibility
 w - a potion of flight
 x - a potion of attraction {unknown}
 L - a potion of ambrosia {unknown}


   Skills:
 + Level 4.4 Fighting
 + Level 2.1 Armour
 + Level 7.7 Dodging
 + Level 5.6 Stealth
 * Level 9.7 Spellcasting
 * Level 6.8 Conjurations
 - Level 5.0 Hexes
 - Level 5.0 Translocations
 - Level 5.0 Transmutations
 + Level 3.3 Ice Magic
 * Level 3.7 Air Magic
 + Level 4.9 Earth Magic
 + Level 3.3 Poison Magic
 + Level 6.6 Evocations


You had 10 spell levels left.
You knew the following spells:

 Your Spells              Type           Power      Damage    Failure   Level
a - Magic Dart            Conj           100%       1d8       1%          1
b - Searing Ray           Conj           100%       2d8       1%          2
c - Iskenderun's Mystic   Conj/Tloc      66%        2d14      1%          4
d - Fulminant Prism       Conj/Hex       33%        3d16      1%          4
e - Freeze                Ice            100%       1d11      1%          1
f - Poisonous Vapours     Pois/Air       70%        N/A       1%          2
g - Shock                 Conj/Air       100%       1d9       1%          1
i - Airstrike             Air            18%        N/A       2%          4

Your spell library contained the following spells:

 Spells                   Type           Power      Damage    Failure   Level
 Inner Flame              Hex/Fire       29%        N/A       1%          3
 Slow                     Hex            44%        N/A       1%          2
 Confusing Touch          Hex            44%        N/A       1%          3
 Dazzling Flash           Conj/Hex       100%       N/A       1%          3
 Portal Projectile        Hex/Tloc       88%        N/A       1%          3
 Swiftness                Air            37%        N/A       2%          3
 Iskenderun's Battlesphe  Conj           70%        2d12      2%          5
 Leda's Liquefaction      Hex/Erth       22%        N/A       5%          4
 Call Canine Familiar     Summ           14%        N/A       12%         3
 Vampiric Draining        Necr           7%         2d7       12%         3
 Blade Hands              Tmut           22%        N/A       14%         5
 Iron Shot                Conj/Erth      32%        9d7       14%         6
 Summon Forest            Summ/Tloc      14%        N/A       36%         5
 Summon Mana Viper        Hex/Summ       29%        N/A       36%         5
 Excruciating Wounds      Necr           7%         N/A       69%         5
 Spellforged Servitor     Conj/Summ      25%        N/A       83%         7
 Summon Cactus Giant      Summ           7%         N/A       99%         6


Dungeon Overview and Level Annotations

Branches:
Dungeon (13/15)            Temple (1/1) D:5            Lair (2/6) D:11
    Orc (0/2) D:10          Sewer (visited)         Ossuary (visited)
 Bailey (visited)
  Swamp: Lair:2-4    Shoals: Lair:2-4     Snake: Lair:2-4    Spider: Lair:2-4
 Vaults: D:13-14

Altars:
Ashenzari
Cheibriados
Dithmenos
Elyvilon
Fedhas
Gozag
Hepliaklqana
Kikubaaqudgha
Makhleb
Nemelex Xobeh
Okawaru
Qazlal
Ru
Sif Muna
Trog
Uskayaw
Vehumet
Wu Jian
Xom
Yredelemnul
Zin
The Shining One

Shops:
D:1 (   D:3 ?   D:10 [   D:11 =   D:13 !:*:

Annotations:
D:4 Edmund


Innate Abilities, Weirdness & Mutations

You are very small and have problems with some larger weapons.
You are too small for most types of armour.
You have supernaturally acute eyesight. (SInv)
You cover ground extremely quickly. (Speed+++)


Message History

The wolf is severely wounded.
The wolf bites you. The wolf completely misses you.
You completely miss the wolf.
The wolf is severely wounded.
You block the wolf's attack. x2
You miss the wolf.
The wolf is severely wounded.
The wolf bites you. The wolf bites you but does no damage.
You completely miss the wolf.
The wolf is severely wounded.
The wolf barely misses you. The wolf misses you.
You miss the wolf.
The wolf is severely wounded.
The wolf closely misses you. The wolf bites you!
You closely miss the wolf.
The wolf is severely wounded.
The wolf completely misses you. You block the wolf's attack.
You hit the wolf.
The wolf is almost dead.
The wolf bites you. x2
* * * LOW HITPOINT WARNING * * *
You hit the wolf but do no damage.
You blast the wolf!
You kill the wolf!
Vehumet accepts your kill.
A komodo dragon, 2 wolves and a bullfrog come into view.
The wolf howls!
A wolf comes into view.
You see here a wolf corpse.
The bullfrog croaks.
The wolf completely misses you.
The wolf howls!
You miss the wolf. You block the wolf's attack. The wolf closely misses you.
The wolf bites you.
* * * LOW HITPOINT WARNING * * *
You hit the wolf but do no damage.
You blast the wolf!
The wolf is heavily wounded.
The komodo dragon bites you!
* * * LOW HITPOINT WARNING * * *
You block the wolf's attack. The wolf bites you!
You die...

...#(...# ..##....# ..
.###....# ..# ###.....##
#..# #P##.....#### #...#
............#####....##.
........................
♣#.#P###.....†.#.#...#
♣#### ##....##.@hF..#
#....#..lh...#
..P....#...h......
.................#.
!...................
....................
....................
...............


You could see a komodo dragon, 3 wolves and a bullfrog.

Vanquished Creatures
  Erica (Lair:1)
  An orc knight (Bailey)
  2 ugly things
  A black mamba (Lair:1)
  2 cane toads (Lair:1)
  A komodo dragon (D:12)
  An unseen horror (D:11)
  A troll (D:11)
  A hornet (D:8)
  3 slime creatures (D:13)
  Sigmund (D:4)
  3 shadows
  A vampire (D:9)
  A basilisk (D:13)
  4 yaks (Lair:1)
  2 vampire mosquitoes (D:11)
  Menkaure (D:7)
  3 acid dragons
  4 water moccasins
  12 orc warriors
  An ice beast (D:6)
  A black bear (D:7)
  A necrophage (D:5)
  An ogre (D:5)
  7 centaurs
  A wolf (Lair:2)
  5 bullfrogs
  A kobold brigand (Sewer)
  Blork the orc (D:4)
  A gnoll sergeant (D:6)
  A scorpion (D:7)
  3 water moccasin zombies (Ossuary)
  5 wights (D:8)
  4 howler monkeys (D:8)
  A bullfrog zombie (D:4)
  3 jellies
  5 centaur zombies
  5 orc priests
  2 hounds
  Ijyb (D:5)
  3 iguanas
  A scorpion zombie (D:5)
  9 orc wizards
  A hound skeleton (D:3)
  2 mummies (Ossuary)
  2 howler monkey zombies
  Robin (D:3)
  3 gnolls (D:6)
  8 adders
  7 river rats
  2 white imps
  4 adder zombies (Ossuary)
  3 worms
  69 orcs
  9 ball pythons
  8 endoplasms
  2 giant cockroaches
  4 gnoll zombies (Ossuary)
  17 goblins
  8 hobgoblins
  11 jackals
  4 quokkas
  5 bats (D:1)
  4 hobgoblin zombies (Ossuary)
  26 kobolds
  2 kobold zombies (Ossuary)
  8 orc zombies (Ossuary)
  29 rats
348 creatures vanquished.

Vanquished Creatures (others)
  26 fulminant prisms
  5 fungi
  3 plants (Lair:1)
34 creatures vanquished.

Grand Total: 382 creatures vanquished

Notes
Turn   | Place    | Note
-------+----------+-------------------------------------------
     0 | D:1      | timneilson the Spriggan Conjurer began the quest for the
                  | Orb.
     0 | D:1      | Reached XP level 1. HP: 9/9 MP: 5/5
   269 | D:1      | Reached skill level 3 in Spellcasting
   269 | D:1      | Reached XP level 2. HP: 11/13 MP: 0/7
   398 | D:1      | Learned a level 2 spell: Searing Ray
  1380 | D:1      | Reached XP level 3. HP: 17/17 MP: 6/8
  1454 | D:1      | Found Hepsexurgh's Weapon Shoppe.
  2180 | D:2      | Reached XP level 4. HP: 21/21 MP: 0/10
  2660 | D:3      | Noticed Robin
  2729 | D:2      | Reached skill level 1 in Hexes
  2808 | D:3      | Killed Robin
  2856 | D:3      | Found a faded altar of an unknown god.
  2862 | D:3      | Reached skill level 1 in Fighting
  2862 | D:3      | Reached skill level 1 in Translocations
  2902 | D:3      | Reached skill level 4 in Spellcasting
  2999 | D:3      | Reached XP level 5. HP: 6/25 MP: 6/12
  3009 | D:3      | Found a glowing drain.
  3024 | Sewer    | Entered a sewer
  3325 | Sewer    | Reached skill level 1 in Transmutations
  3643 | Sewer    | Learned a level 4 spell: Iskenderun's Mystic Blast
  3648 | Sewer    | Learned a level 4 spell: Fulminant Prism
  3674 | Sewer    | Reached XP level 6. HP: 30/30 MP: 9/13
  4039 | Sewer    | Reached skill level 1 in Earth Magic
  4341 | D:3      | Found Mosai's Magic Scroll Shoppe.
  4390 | D:3      | Reached skill level 1 in Evocations
  5197 | D:4      | Noticed Sigmund
  5203 | D:4      | Killed Sigmund
  5204 | D:4      | Reached XP level 7. HP: 30/33 MP: 7/15
  5289 | D:4      | Reached skill level 5 in Spellcasting
  5478 | D:4      | Noticed Blork the orc
  5483 | D:4      | Killed Blork the orc
  6088 | D:4      | Noticed Edmund
  6463 | D:5      | Entered Level 5 of the Dungeon
  6480 | D:5      | Identified the +1 chain mail of the Garden {Harm Rampage
                  | rPois}
  6575 | D:5      | Noticed Ijyb
  6585 | D:5      | Killed Ijyb
  7153 | D:5      | Reached skill level 5 in Stealth
  7153 | D:5      | Reached XP level 8. HP: 39/39 MP: 11/17
  7419 | D:5      | Found a staircase to the Ecumenical Temple.
  7424 | Temple   | Entered the Ecumenical Temple
  7446 | Temple   | Became a worshipper of Vehumet
  8048 | D:6      | You fall into a shaft and drop 1 floor!
  8102 | D:7      | Reached skill level 6 in Spellcasting
  8149 | D:7      | Noticed Menkaure
  8157 | D:7      | Killed Menkaure
  8158 | D:7      | Reached skill level 5 in Dodging
  8202 | D:7      | Found a sand-covered staircase.
  8207 | Ossuary  | Entered an ossuary
  8326 | Ossuary  | Reached * piety under Vehumet
  8326 | Ossuary  | Offered knowledge of Freeze by Vehumet.
  8329 | Ossuary  | Learned a level 1 spell: Freeze
  8801 | D:6      | Reached XP level 9. HP: 39/43 MP: 4/20
  9038 | D:6      | Reached skill level 5 in Conjurations
  9477 | D:6      | Reached skill level 1 in Ice Magic
  9660 | D:7      | Reached skill level 7 in Spellcasting
  9660 | D:7      | Reached skill level 5 in Translocations
  9707 | D:7      | Found a broken altar of Ashenzari.
  9843 | D:7      | Identified the +2 chain mail "Afryk" {Str+2 Dex+4}
 10387 | D:8      | Offered knowledge of Poisonous Vapours by Vehumet.
 10393 | D:8      | Learned a level 2 spell: Poisonous Vapours
 10614 | D:8      | Reached ** piety under Vehumet
 10776 | D:8      | Reached skill level 5 in Transmutations
 11449 | D:9      | Found a flagged portal.
 11463 | Bailey   | Entered a bailey
 11893 | Bailey   | Reached XP level 10. HP: 26/49 MP: 14/22
 11985 | Bailey   | HP: 1/49 [orc/bolt (9)]
 12362 | Bailey   | Reached skill level 1 in Poison Magic
 12594 | Bailey   | Offered knowledge of Frozen Ramparts by Vehumet.
 12726 | Bailey   | Reached skill level 5 in Evocations
 12780 | Bailey   | Noticed an orc knight
 12801 | Bailey   | Reached skill level 1 in Air Magic
 12823 | Bailey   | Reached *** piety under Vehumet
 12851 | Bailey   | Killed an orc knight
 12852 | Bailey   | Reached skill level 8 in Spellcasting
 12852 | Bailey   | Reached skill level 5 in Hexes
 13945 | D:10     | Entered Level 10 of the Dungeon
 14100 | D:10     | Found Uregunampo's Antique Armour Shoppe.
 14419 | D:10     | Offered knowledge of Inner Flame by Vehumet.
 14821 | D:10     | Found a staircase to the Orcish Mines.
 15340 | D:11     | Found Balismoff's Jewellery Emporium.
 15348 | D:11     | Bought a ring of wizardry for 450 gold pieces
 15356 | D:11     | Found a staircase to the Lair.
 16051 | D:11     | Learned a level 1 spell: Shock
 16055 | D:11     | Learned a level 3 spell: Swiftness
 16060 | D:11     | Learned a level 4 spell: Airstrike
 16182 | D:11     | Noticed a cyan ugly thing
 16196 | D:11     | Killed a cyan ugly thing
 16197 | D:11     | Reached skill level 9 in Spellcasting
 16197 | D:11     | Reached XP level 11. HP: 53/53 MP: 13/25
 16985 | D:12     | Found a broken altar of Ashenzari.
 17014 | D:12     | Reached skill level 1 in Armour
 17700 | D:13     | Noticed a brown ugly thing
 17725 | D:13     | Killed a brown ugly thing
 17810 | D:13     | Found Gyanuele's Distillery.
 17811 | D:13     | Found Niluton's Book Emporium.
 17812 | D:13     | Found Boikoenn's Assorted Antiques.
 17813 | D:13     | Found Imacuzos's Book Emporium.
 17823 | D:13     | Upgraded the game from 0.28-a0-479-g5baa6b73be to
                  | 0.28-a0-514-g0d7ab7f379
 18162 | D:13     | Noticed a tengu reaver
 18493 | Lair:1   | Entered Level 1 of the Lair of Beasts
 18692 | Lair:1   | Noticed Erica
 18729 | Lair:1   | Killed Erica
 19787 | Lair:2   | Slain by a wolf

Illustrated notes

Levels and vault maps discovered:
D:1:      amcnicky_arrival_double_pillar, layout_loops_ring, serial_shops, shop
D:2:      layout_basic
D:3:      layout_rooms, ebering_ecumenical_altar_sacrificial, serial_shops,
          nicolae_lakefront_shop, gup_sewer_entry_bubbles,
          minmay_misc_feat_tiny, grunt_ministairs_14, uniq_robin
D:4:      layout_gridville, uniq_sigmund, uniq_edmund, uniq_blork_the_orc
D:5:      layout_rooms, minmay_temple_entry_butterflies, uniq_ijyb
D:6:      layout_gridville
D:7:      layout_loops_ring, kennysheep_mini_moat, serial_glass,
          glass_columns_c, glass_columns_c, enter_ossuary_5, uniq_menkaure
D:8:      layout_cave_pools, kennysheep_big_empty_room
D:9:      layout_cave_pods, enter_bailey_4
D:10:     layout_long_grid, hiddenorc1_lemuel, serial_shops, shop
D:11:     layout_grid_maze, lair_entry_dummy, serial_shops, nicolae_shop_stone
D:12:     layout_stronghold, ashenzari_altar_1
D:13:     layout_small_grid, minmay_shop_grid_forest, kennysheep_just_a_vault
Temple:   nicolae_temple_the_god_donut
Lair:1:   layout_concentric_octagons, serial_bayou_ford_a, uniq_erica
Lair:2:   layout_gridlike, nicolae_swamp_entry_splash_gauntlet,
          grunt_megastairs_1

Skill      XL: |  1  2  3  4  5  6  7  8  9 10 11 |
---------------+----------------------------------+-----
Conjurations   | 3 4 5 6 |  6.8
Spellcasting   | 3 4 5 6 7 9 |  9.7
Dodging        | 3 4 5 6 7 |  7.7
Hexes          | 1 2 3 4 5 |  5.0
Fighting       | 1 2 3 4 |  4.4
Translocations | 1 2 3 4 5 |  5.0
Transmutations | 1 2 4 5 |  5.0
Stealth        | 4 5 |  5.6
Earth Magic    | 1 2 3 4 |  4.9
Evocations     | 1 2 3 4 6 |  6.6
Ice Magic      | 1 2 3 |  3.3
Poison Magic   | 2 3 |  3.3
Air Magic      | 2 3 |  3.7
Armour         | 2 |  2.1

Action                   |  1- 3 |  4- 6 |  7- 9 | 10-12 || total
-------------------------+-------+-------+-------+-------++-------
Melee: Dagger            |    11 |       |       |       ||    11
       Staff             |       |     8 |     2 |    25 ||    35
 Cast: Magic Dart        |    82 |   104 |   141 |    92 ||   419
       Searing Ray       |    11 |    34 |    88 |    48 ||   181
       Fulminant Prism   |       |       |       |    26 ||    26
       Iskenderun's Myst |       |       |       |    21 ||    21
       Airstrike         |       |       |       |    24 ||    24
       Shock             |       |       |       |     2 ||     2
       Poisonous Vapours |       |       |       |     1 ||     1
Evoke: Wand              |       |       |       |     1 ||     1
  Use: Scroll            |     1 |    10 |    10 |     6 ||    27
       Potion            |       |     2 |       |     3 ||     5
Armor: Robe              |     3 |     8 |    17 |    10 ||    38
       Acid dragon scale |       |       |       |     8 ||     8
Dodge: Dodged            |    11 |    49 |   132 |   142 ||   334
Block: Other             |       |       |       |    20 ||    20
       Reflection        |       |       |       |     6 ||     6

Table legend: (Time is in decaauts)
 A = Elapsed time spent in this place.
 B = Non-inter-level travel time spent in this place.
 C = Inter-level travel time spent in this place.
 D = Time resting spent in this place.
 E = Time spent auto-exploring this place.
 F = Levels seen in this place.
 G = Mean time per level.
                   A        B        C        D        E       F      G
               +--------+--------+--------+--------+--------+-----+--------+
         Total |  15861 |  15578 |    283 |   3788 |   8375 |  19 |  834.8 |
       Dungeon |  11933 |  11663 |    270 |   2366 |   6921 |  13 |  917.9 |
        Temple |    159 |    150 |      9 |      0 |    133 |   1 |  159.0 |
          Lair |    765 |    762 |      3 |      0 |    460 |   2 |  382.5 |
         Sewer |   1091 |   1091 |      0 |    435 |    442 |   1 | 1091.0 |
       Ossuary |    508 |    508 |      0 |    369 |     34 |   1 |  508.0 |
        Bailey |   1403 |   1403 |      0 |    617 |    382 |   1 | 1403.0 |
               +--------+--------+--------+--------+--------+-----+--------+

Top non-repeatable levels by time:
     D:1: 1436 daAuts
  Bailey: 1403 daAuts
    D:11: 1375 daAuts
   Sewer: 1091 daAuts
     D:3: 1020 daAuts
     D:9: 951 daAuts
     D:4: 943 daAuts
     D:8: 932 daAuts
     D:5: 931 daAuts
    D:12: 920 daAuts
     D:6: 891 daAuts
     D:2: 834 daAuts
  Lair:1: 722 daAuts
    D:10: 721 daAuts
     D:7: 604 daAuts
